 Dungeon Crawl Stone Soup version 0.28-a0-94-g325244837d (webtiles) character file.

Game seed: 6095298803240287920

2513 Leeroy the Changer (level 9, -6/85 HPs)
             Began as a Merfolk Transmuter on Aug 7, 2021.
             Was a Believer of Nemelex Xobeh.
             Mangled by Joseph (16 damage)
             ... on level 7 of the Dungeon.
             The game lasted 00:13:45 (9909 turns).

Leeroy the Changer (Merfolk Transmuter)             Turns: 9909, Time: 00:13:46

Health: -6/85      AC:  6    Str: 11    XL:     9   Next: 53%
Magic:  17/19      EV: 16    Int: 14    God:    Nemelex Xobeh [**....]
Gold:   366        SH:  0    Dex: 21    Spells: 11/22 levels left

rFire   x . .      SeeInvis .     - Unarmed
rCold   + + +      Faith    .   (shield currently unavailable)
rNeg    . . .      Spirit   .   (armour currently unavailable)
rPois   +          Reflect  .   (helmet currently unavailable)
rElec   .          Harm     .   (cloak currently unavailable)
rCorr   .          Rampage  .   (gloves currently unavailable)
Will    .....                   (boots currently unavailable)
Stlth   ++........              (no amulet)
HPRegen 0.24/turn               i - +4 ring of evasion
MPRegen 0.16/turn               A - +6 ring of dexterity

@: ice-form, flying
A: freezing attack, boosted hp, large, (nimble swimmer 2), (mertail)
a: End Transformation, Renounce Religion, Draw Escape, Draw Destruction, Draw
Summoning


You were on level 7 of the Dungeon.
You worshipped Nemelex Xobeh.
Nemelex Xobeh was pleased with you.
You were a creature of crystalline ice.
You visited 2 branches of the dungeon, and saw 9 of its levels.

You collected 366 gold pieces.

Inventory:

Hand Weapons
 y - a +0 long sword
 H - a +0 whip of electrocution
 I - a +2 vorpal long sword
 J - a +5 spear
Missiles
 l - 32 poisoned darts
 G - 8 datura-tipped darts
 M - 2 throwing nets
Armour
 a - a +0 robe (melded)
 k - a +0 pair of gloves (melded)
 t - a +0 pair of gloves
 K - a +0 buckler
 L - a +0 pair of boots (melded)
Jewellery
 i - a +4 ring of evasion (left front paw)
 m - a ring of fire
 u - a +4 ring of protection
 A - a +6 ring of dexterity (right front paw)
Wands
 z - a wand of iceblast (13)
 B - a wand of digging (7)
 C - a wand of acid (19)
 O - a wand of paralysis (10)
Scrolls
 b - a scroll of summoning {unknown}
 c - a scroll of holy word {unknown}
 d - 2 scrolls of enchant armour {unknown}
 e - 4 scrolls of enchant weapon {unknown}
 f - 3 scrolls of teleportation {unknown}
 h - 4 scrolls of amnesia {unknown}
 p - 2 scrolls of identify {unknown}
 D - a scroll of noise {unknown}
 E - 2 scrolls of silence {unknown}
 N - a scroll of fog {unknown}
Potions
 g - a potion of magic {unknown}
 j - 3 potions of brilliance {unknown}
 n - 2 potions of flight
 o - a potion of cancellation {unknown}
 q - a potion of lignification {unknown}
 r - 2 potions of haste {unknown}
 s - a potion of berserk rage {unknown}
 v - a potion of degeneration {unknown}
 w - 2 potions of curing {unknown}
 x - a potion of attraction {unknown}
 F - a potion of mutation {unknown}


   Skills:
 - Level 6.4 Fighting
 - Level 0.2 Short Blades
 - Level 0.1 Axes
 - Level 0.2 Staves
 - Level 0.1 Slings
 - Level 0.1 Bows
 - Level 0.1 Crossbows
 - Level 4.2 Dodging
 + Level 6.1 Unarmed Combat
 - Level 7.1 Spellcasting
 - Level 0.2 Conjurations
 - Level 0.1 Hexes
 - Level 0.1 Summonings
 - Level 0.1 Necromancy
 - Level 0.1 Translocations
 - Level 7.7 Transmutations
 - Level 0.1 Ice Magic
 - Level 0.1 Air Magic
 - Level 0.1 Earth Magic
 - Level 1.6 Poison Magic


You had 11 spell levels left.
You knew the following spells:

 Your Spells              Type           Power      Damage    Failure   Level
a - Beastly Appendage     Tmut           52%        N/A       1%          1
b - Wereblood             Tmut           26%        N/A       1%          2
c - Spider Form           Tmut/Pois      9%         N/A       6%          3
d - Ice Form              Ice/Tmut       16%        N/A       26%         4
e - Sting                 Tmut/Pois      72%        1d6       1%          1

Your spell library contained the following spells:

 Spells                   Type           Power      Damage    Failure   Level
 Poisonous Vapours        Pois/Air       14%        N/A       14%         2
 Inner Flame              Hex/Fire       5%         N/A       38%         3
 Olgreb's Toxic Radiance  Pois           9%         N/A       56%         4
 Cause Fear               Hex            2%         N/A       78%         4
 Summon Forest            Summ/Tloc      2%         N/A       98%         5
 Summon Mana Viper        Hex/Summ       5%         N/A       98%         5
 Shadow Creatures         Summ           N/A        N/A       100%        6
 Discord                  Hex            2%         N/A       100%        8


Dungeon Overview and Level Annotations

Branches:
Dungeon (8/15)             Temple (1/1) D:5
   Lair: D:8-11

Altars:
Ashenzari
Dithmenos
Elyvilon
Fedhas
Gozag
Hepliaklqana
Kikubaaqudgha
Makhleb
Nemelex Xobeh
Okawaru
Qazlal
Ru
Sif Muna
Uskayaw
Vehumet
Xom
Yredelemnul
Zin
The Shining One
Lugonu

Annotations:
D:6 3 runed translucent doors, Lanoc's ghost, novice NaIE
D:7 2 transporters, Joseph; sn0wgr3's ghost, novice GrCK


Innate Abilities, Weirdness & Mutations

You are a creature of crystalline ice.
You have a powerful freezing melee attack.
Your maximum health is increased.
Your armour is entirely melded.
You are incapable of wielding weapons or throwing items.
((You are quick and stealthy near water. (Stealth+, EV+, Speed+++)))
((Your lower body shifts to a powerful aquatic tail in water.))


Message History

The gnoll shaman closely misses you.
You hit the gnoll shaman but do no damage.
The gnoll shaman is severely wounded.
The gnoll shaman misses you.
You hit the gnoll shaman. You freeze the gnoll shaman.
You kill the gnoll shaman!
A gnoll comes into view. It is wielding a +0 whip.
The gnoll barely misses you.
The gnoll shouts!
You punch Joseph! You freeze Joseph.
Joseph is moderately wounded.
You hear a shout!
Joseph unwields a +0 hunting sling.
Joseph wields a +0 quarterstaff.
Joseph hits you with a +0 quarterstaff! The gnoll closely misses you.
You hit Joseph. You freeze Joseph.
Joseph is moderately wounded.
Joseph hits you with a +0 quarterstaff! The gnoll barely misses you.
You are too injured to fight recklessly!
You punch Joseph! You freeze Joseph.
Joseph is heavily wounded.
Joseph hits you with a +0 quarterstaff! The gnoll barely misses you.
You completely miss Joseph.
Joseph is heavily wounded.
You hit Joseph. You freeze Joseph.
Joseph is heavily wounded.
Joseph hits you with a +0 quarterstaff!
* * * LOW HITPOINT WARNING * * *
The gnoll barely misses you.
You punch Joseph! You freeze Joseph.
Joseph is severely wounded.
Joseph hits you with a +0 quarterstaff!
* * * LOW HITPOINT WARNING * * *
The gnoll hits you from afar with a +0 spear.
* * * LOW HITPOINT WARNING * * *
Unknown command.
It was a potion of flight.
You feel very buoyant.
You fly up into the air.
Joseph hits you with a +0 quarterstaff!
You die...
Your body disappears without a glow.

.#
#..>)......................
.#
#.#.##.###.#...#.#########.
.# #.#.##.# #.##.##.# . .#
#.@....# #.......# . ###
###.#### ####.#### . ..#
#.# ##'## . #.# #.# ##...##
. #.# ####.## ##.....## y
#.# #.....# #Y......#
#.####.#...####)@.......#
.............gg.........+
..####.#...####.........#
### #.....# ##.......##
#.....# ##.....## ###.###
##...## #.# #+## #.#


You could see Joseph and 2 gnolls.

Vanquished Creatures
  Pikel (D:6)
  A black bear (D:4)
  3 sky beasts
  A necrophage (D:6)
  3 kobold brigands
  Blork the orc (D:5)
  A gnoll sergeant (D:6)
  2 scorpions
  A water moccasin zombie (D:5)
  A howler monkey (D:7)
  2 bullfrog zombies
  2 centaur zombies
  3 hounds
  3 jellies
  3 gnoll shamans
  An iguana (D:5)
  A scorpion zombie (D:5)
  A hound skeleton (D:4)
  12 gnolls
  7 adders
  3 white imps
  2 ufetubi
  2 worms
  A dart slug (D:1)
  7 orcs
  2 endoplasms
  2 giant cockroaches
  6 goblins
  7 hobgoblins
  7 jackals
  16 kobolds
  3 ball pythons
  6 bats
  6 frilled lizards
  2 rats
122 creatures vanquished.

Vanquished Creatures (others)
  A withered plant (D:6)
1 creature vanquished.

Grand Total: 123 creatures vanquished

Notes
Turn   | Place    | Note
-------+----------+-------------------------------------------
     0 | D:1      | Leeroy the Merfolk Transmuter began the quest for the Orb.
     0 | D:1      | Reached XP level 1. HP: 15/15 MP: 3/3
   268 | D:1      | Reached XP level 2. HP: 21/21 MP: 5/5
   668 | D:2      | Reached XP level 3. HP: 5/26 MP: 4/6
   967 | D:2      | Learned a level 2 spell: Wereblood
   971 | D:2      | Learned a level 3 spell: Spider Form
  1239 | D:2      | Found a faded altar of an unknown god.
  2387 | D:3      | Reached XP level 4. HP: 32/32 MP: 3/7
  2389 | D:3      | Reached skill level 5 in Transmutations
  2561 | D:3      | Found a basalt altar of Yredelemnul.
  2629 | D:3      | You fall into a shaft and drop 2 floors!
  2629 | D:5      | Entered Level 5 of the Dungeon
  2629 | D:5      | Found a sparkling altar of Nemelex Xobeh.
  2629 | D:5      | Found an opulent altar of Gozag.
  2637 | D:5      | Became a worshipper of Nemelex Xobeh the Trickster
  2693 | D:5      | Noticed Blork the orc
  2701 | D:5      | Killed Blork the orc
  2702 | D:5      | Reached XP level 5. HP: 41/41 MP: 4/8
  2744 | D:5      | Found a staircase to the Ecumenical Temple.
  2929 | D:5      | Reached skill level 5 in Unarmed Combat
  2929 | D:5      | Reached XP level 6. HP: 36/47 MP: 5/9
  3483 | D:4      | Noticed a black bear
  3548 | D:3      | Found a hazy altar of Hepliaklqana.
  3578 | D:3      | Found a shadowy altar of Dithmenos.
  3578 | D:3      | Noticed a shadow
  3921 | D:3      | Found a glowing silver altar of Zin.
  4072 | D:3      | Found a shimmering altar of Xom.
  4239 | D:4      | Killed a black bear
  4240 | D:4      | Reached skill level 1 in Poison Magic
  4240 | D:4      | Reached XP level 7. HP: 49/52 MP: 4/10
  4484 | D:4      | Reached * piety under Nemelex Xobeh
  4500 | D:4      | Found a hide-covered altar of Uskayaw.
  5001 | D:5      | Reached skill level 5 in Fighting
  5414 | D:5      | Received a gift from Nemelex Xobeh
  6132 | D:6      | Reached XP level 8. HP: 55/65 MP: 9/11
  6319 | D:6      | Noticed Pikel
  6337 | D:6      | Killed Pikel
  6338 | D:6      | Reached skill level 5 in Spellcasting
  6513 | D:6      | Found a runed translucent gate.
  6513 | D:6      | Found a runed translucent gate.
  6513 | D:6      | Found an opulent altar of Gozag.
  6513 | D:6      | Found a runed translucent gate.
  6535 | D:6      | Noticed Lanoc's ghost (novice NaIE)
  6536 | D:6      | Noticed a two-headed ogre
  6558 | D:6      | Found an iron altar of Okawaru.
  6589 | D:6      | Reached XP level 9. HP: 52/71 MP: 16/19
  6594 | D:6      | Learned a level 4 spell: Ice Form
  7661 | Temple   | Entered the Ecumenical Temple
  7948 | D:6      | Found an ancient bone altar of Kikubaaqudgha.
  7976 | D:6      | Found a sacrificial altar of Ru.
  8190 | D:6      | Learned a level 1 spell: Sting
  8833 | D:7      | Reached ** piety under Nemelex Xobeh
  8930 | D:7      | Found a transporter.
  8940 | D:7      | Noticed a moth of wrath
  9091 | D:7      | Found a transporter.
  9099 | D:7      | Noticed sn0wgr3's ghost (novice GrCK)
  9419 | D:7      | Noticed a hornet
  9522 | D:7      | Noticed Joseph
  9909 | D:7      | Mangled by Joseph

Illustrated notes

Levels and vault maps discovered:
D:1:      lemuel_arrival_room, layout_rooms
D:2:      layout_basic, basic_ecumenical_altar
D:3:      layout_loops_ring, mainiacjoe_overflow_alcove_4,
          riverfiend_overflow_shadow_ancestor, mainiacjoe_overflow_alcove_2,
          zin_treasury
D:4:      layout_cave_pools, nicolae_uskayaw_murder_on_the_dancefloor
D:5:      layout_layer_cave, grunt_temple_overflow_opulence,
          minmay_temple_entry_from_below_a, grunt_ministairs_3,
          roderic_lattice_a, minmay_starry_boxes, uniq_blork_the_orc
D:6:      layout_basic, lemuel_crystal_altar, okawaru_gym_becter,
          kiku_gazebo_garden_becter, ebering_ghost_gozag, uniq_pikel
D:7:      layout_loops_corners, gammafunk_ghost_berserking_beasts,
          serial_bayou_crossing, uniq_joseph
D:8:      layout_basic, nzn_wu_jian_contemplation, nicolae_lava_and_water,
          nicolae_shop_sticking_my_neck_out, uniq_prince_ribbit1
Temple:   corrupted_temple

Skill      XL: |  1  2  3  4  5  6  7  8  9 |
---------------+----------------------------+-----
Unarmed Combat | 4 5 6 |  6.1
Transmutations | 3 4 5 7 |  7.7
Fighting       | 3 6 |  6.4
Dodging        | 3 4 |  4.2
Poison Magic   | 1 |  1.6
Spellcasting   | 7 |  7.1
Short Blades   | |  0.2
Axes           | |  0.1
Staves         | |  0.2
Slings         | |  0.1
Bows           | |  0.1
Crossbows      | |  0.1
Conjurations   | |  0.2
Hexes          | |  0.1
Summonings     | |  0.1
Necromancy     | |  0.1
Translocations | |  0.1
Ice Magic      | |  0.1
Air Magic      | |  0.1
Earth Magic    | |  0.1

Action                   |  1- 3 |  4- 6 |  7- 9 || total
-------------------------+-------+-------+-------++-------
Melee: Unarmed           |   101 |   109 |   348 ||   558
       Punch             |     2 |     1 |    13 ||    16
       Headbutt          |       |       |     1 ||     1
 Cast: Beastly Appendage |     1 |       |     1 ||     2
       Spider Form       |     2 |     6 |    11 ||    19
       Wereblood         |     2 |       |     4 ||     6
       Ice Form          |       |       |     1 ||     1
  Use: Potion            |       |       |     1 ||     1
 Stab: Sleeping          |     1 |       |     2 ||     3
       Distracted        |       |       |     1 ||     1
Armor: Robe              |    17 |     5 |    47 ||    69
       Skin              |       |     3 |     3 ||     6
Dodge: Dodged            |    83 |   114 |   310 ||   507

Table legend: (Time is in decaauts)
 A = Elapsed time spent in this place.
 B = Non-inter-level travel time spent in this place.
 C = Inter-level travel time spent in this place.
 D = Time resting spent in this place.
 E = Time spent auto-exploring this place.
 F = Levels seen in this place.
 G = Mean time per level.
                   A        B        C        D        E       F      G
               +--------+--------+--------+--------+--------+-----+--------+
         Total |   9851 |   9585 |    266 |   2056 |   6428 |   9 | 1094.6 |
       Dungeon |   9805 |   9549 |    256 |   2056 |   6396 |   8 | 1225.6 |
        Temple |     45 |     35 |     10 |      0 |     32 |   1 |   45.0 |
               +--------+--------+--------+--------+--------+-----+--------+

Top non-repeatable levels by time:
     D:5: 2343 daAuts
     D:6: 2149 daAuts
     D:2: 1681 daAuts
     D:7: 1191 daAuts
     D:3: 958 daAuts
     D:4: 815 daAuts
     D:1: 629 daAuts
  Temple: 45 daAuts
     D:8: 35 daAuts
